AoeStats
← le avispe

Arena

508279217Analyzed
1v1 RM · 12d ago on Sep 21, 2026· 38m 35s· 2 players
Game mode
Random Map
Map size
Tiny (2 player)
Population
200
Speed
Normal
Resources
Standard
Victory
Conquest
Starting age
Dark Age
Ending age
Imperial Age
RankedLock teamsTeams togetherTeam positionsShared explorationLock speedFull tech treeHidden civsTurbo modeCheats
Victory
Defeat
🇧🇷 Khmer · Brazil
1225
+16
🇦🇷 Aztecs · Argentina
1215
-16
le avispe
11:25 Feudal Age
12:30 Loom
15:35 Castle Age
13:48 Double-Bit Axe
15:33 Gold Mining
17:19 Bow Saw
17:07 Horse Collar
19:27 Heavy Plow
25:45 Wheelbarrow
25:47 Town Watch
26:37 Stone Mining
27:25 Gold Shaft Mining
28:14 Eagle Warrior
28:57 Scale Mail Armor
29:08 Forging
31:32 Imperial Age
29:46 Squires
30:04 Chain Mail Armor
31:05 Stone Shaft Mining
31:09 Iron Casting
30:30 Treadmill Crane
31:53 Fortified Wall
31:51 Onager
33:33 Plate Mail Armor
32:28 Pikeman
35:21 Blast Furnace
38:07 Garland Wars
Alex
10:01 Feudal Age
13:01 Castle Age
11:42 Double-Bit Axe
12:10 Horse Collar
14:04 Bow Saw
22:45 Heavy Plow
23:26 Wheelbarrow
22:49 Gold Mining
23:44 Stone Mining
24:46 Hand Cart
24:17 Loom
29:05 Imperial Age
27:31 Bloodlines
27:22 Husbandry
29:56 Scale Barding Armor
30:02 Forging
32:03 Chain Barding Armor
32:39 Elite Battle Elephant
35:38 Iron Casting
35:40 Plate Barding Armor
35:23 Heavy Scorpion
36:31 Conscription
37:21 Double Crossbow
37:23 Tusk Swords
38:02 Iron Casting
39:02 Ballistics
38:50 Siege Engineers
38:56 Masonry
Connection lost

Rejoining the realm…

Still unreachable

The connection could not be restored.

Session expired

The server has moved on; the page needs a fresh start.